[Event "SixDays Budapest March GM B 2025"]
[Site "Budapest"]
[Date "2025.03.26"]
[Round "4.1"]
[White "Pap, Gyula"]
[Black "Sklokin, Sergey"]
[Result "1/2-1/2"]
[Annotator "TA"]
[ECO "B15"]
[WhiteElo "2475"]
[BlackElo "2338"]
[PlyCount "31"]
[EventDate "2025.03.23"]
[EventCountry "HUN"]
[SourceTitle "playchess.com"]
[Source "ChessBase"]
[SourceQuality "1"]
[TimeControl "5400+30"]

1. e4 c6 2. d4 d5 3. Nd2 dxe4 4. Nxe4 Nf6 5. Nxf6+ exf6 6. Bc4 Bd6 7. Qe2+ Qe7 8. Qxe7+ Kxe7 9. Ne2 {[%emt 0:00:49] The position is equal.} Re8 {[%emt 0:03:52] B15: Caro-Kann: 3 Nc3: 3...g6 and 3...dxe4 4 Nxe4 Nf6 5 Nxf6+ exf6.} 10. Bf4 Bxf4 11. Nxf4 Kf8+ 12. Kd2 Rd8 $146 (12... Bf5 13. c3 Nd7 14. Rae1 Nb6 15. Bd3 Bg6 16. Rxe8+ Rxe8 17. Re1 Rd8 18. Nxg6+ hxg6 19. Kc2 Nd5 20. g3 Nc7 21. a3 g5 22. Bc4 Nd5 {0-1 Mazi,L (2340)-Matnadze,A (2421) EU-ch qual Online 2020 (4)}) 13. Ke3 Re8+ 14. Kd2 Rd8 15. Ke3 Re8+ 16. Kd2 {[%emt 0:00:05] Not much happened in this game.   Weighted Error Value: White=0.05 (flawless) /Black=0.02 (flawless)   OK:         	White=3     	Black=5} 1/2-1/2

[Event "SixDays Budapest March GM B 2025"]
[Site "Budapest"]
[Date "2025.03.26"]
[Round "4.2"]
[White "Mayank Chakraborty"]
[Black "Sandoval Mercado, Carlos"]
[Result "1/2-1/2"]
[Annotator "TA"]
[ECO "B40"]
[WhiteElo "2444"]
[BlackElo "2383"]
[PlyCount "49"]
[EventDate "2025.03.23"]
[EventCountry "HUN"]
[SourceTitle "playchess.com"]
[Source "ChessBase"]
[SourceQuality "1"]
[TimeControl "5400+30"]

1. e4 c5 2. Nf3 e6 3. b3 Nc6 4. Bb2 b6 5. g3 Bb7 6. Bg2 {[%emt 0:00:06] B40: Sicilian: 2...e6, Unusual lines.} d5 7. exd5 Qxd5 8. Nc3 Qd7 9. Ne4 $146 (9. O-O Nf6 10. Re1 Be7 11. d3 O-O 12. Ne4 Nd4 13. Ne5 Qc7 14. f4 Rad8 15. Bxd4 cxd4 16. Nxf6+ Bxf6 17. Bxb7 Qxb7 {0-1 Hobson,K (2130)-Mikhalevski,V (2524) Hastings Masters op 97th 2023 (8)}) 9... Nh6 10. O-O Nf5 11. Ne5 Nxe5 12. Bxe5 Be7 13. Qg4 ({Better is} 13. d3 $15) 13... O-O 14. d3 f6 15. Bb2 Nd4 {[%emt 0:00:06] [#]} 16. Qd1 Rad8 17. a4 f5 18. Bxd4 fxe4 19. Bc3 exd3 20. Bxb7 Qxb7 21. Qg4 {[%emt 0:01:06][%csl Gc3][%cal Rg4g7] Prevents Qe4.} Bf6 ({Worse is} 21... dxc2 22. Qxg7#) 22. Qxe6+ Kh8 23. Bxf6 Rxf6 24. Qe5 {[%emt 0:02:00] [#]} (24. Qe3 $142) 24... dxc2 (24... d2 $1 $17 {...Rf7 is the strong threat.} 25. Rad1 Qf3) 25. Qe2 $1 {[%emt 0:02:32] Weighted Error Value: White=0.17 (very precise) /Black=0.12 (very precise)   Mistake:       	White=2     	Black=1      Inaccurate:     	White=1     	Black=1      OK:         	White=7     	Black=9      Best:        	---       	Black=2      Strong:       	White=1     	---} 1/2-1/2

[Event "SixDays Budapest March GM B 2025"]
[Site "Budapest"]
[Date "2025.03.26"]
[Round "4.3"]
[White "Baasansuren, Erdene"]
[Black "Li, Wenxiang"]
[Result "1/2-1/2"]
[Annotator "TA"]
[ECO "D11"]
[WhiteElo "2394"]
[BlackElo "2260"]
[PlyCount "92"]
[EventDate "2025.03.23"]
[EventCountry "HUN"]
[SourceTitle "playchess.com"]
[Source "ChessBase"]
[SourceQuality "1"]
[TimeControl "5400+30"]

1. d4 d5 2. c4 c6 3. Nf3 Nf6 4. Qc2 dxc4 5. Qxc4 Bg4 6. Nbd2 Nbd7 {[%emt 0:00:24] D23: Queen's Gambit Accepted: 3 Nf3 Nf6 sidelines.} 7. g3 e6 8. Bg2 Be7 9. O-O O-O 10. Qb3 Qb6 11. Nc4 Qa6 12. Bg5 h6 13. Bxf6 Bxf6 14. e3 Rab8 15. Rfc1 c5 $146 (15... Bxf3 16. Bxf3 c5 17. Rd1 cxd4 18. exd4 Rfd8 19. a4 Nb6 20. Nxb6 Qxb6 21. Qxb6 axb6 {½-½ Ni,H (2670)-Ter Sahakyan,S (2553) PRO League KO Stage rapid 2018 (4)}) 16. Nfe5 Bxe5 17. Nxe5 Nxe5 18. dxe5 b6 19. Rc4 Bf5 20. Ra4 Qe2 21. Bf1 Qf3 {[%emt 0:01:22] [#]} 22. Bg2 (22. Rxa7 $2 Be4 23. h4 Qh1#) 22... Qe2 23. Bf1 Qh5 {[%emt 0:04:11] Counterplay White} 24. Rxa7 Rfd8 $1 25. Ra4 Rd2 {[%emt 0:03:00][%mdl 1024] Black attacks Black has compensation.} 26. Rh4 Qg5 (26... Qf3 $15 27. Rf4 Qc6) 27. Rc4 $11 Qd8 28. Re1 Qc7 29. e4 Bg4 (29... Qxe5 $2 30. Qe3 (30. exf5 $2 Qxe1 31. Qf3 Rd1 $19) 30... Rxb2 31. exf5 Qxf5 32. Rf4 $18) 30. Qc3 Rbd8 31. b4 Rxa2 32. bxc5 {[%emt 0:00:22] aiming for Qb3.} Rdd2 {[%emt 0:01:34] [#] and ...b5 would now be decisive} 33. f3 $2 (33. h3 $11 {and White is okay.}) 33... Bh5 $2 (33... Bh3 $19 34. Bxh3 b5) 34. Qe3 (34. Ra1 $5) 34... Qxe5 35. Re2 {[%emt 0:00:18] Successful Defense White} (35. cxb6 $2 {is the wrong capture.} Rxh2 36. f4 (36. Rc8+ $2 Kh7 $19) 36... Qb2 $19) (35. Be2 {seems wilder.} b5 36. Rcc1 b4 37. c6) 35... Rxe2 36. Bxe2 bxc5 37. Kf2 Qb2 38. Rxc5 Ra3 39. Rc2 {[%emt 0:00:12] The position is equal.} Qb4 40. Qd2 (40. Qc5 {simplifies} Qxc5+ 41. Rxc5 g5 42. h4) 40... Qb3 41. Rb2 Qa4 42. Qb4 Qa7+ 43. Qb6 Qe7 44. Qb4 Qa7+ 45. Qb6 Qe7 46. Qb4 Qa7+ {Weighted Error Value: White=0.13 (very precise) /Black=0.14 (very precise)   Loses game:     	White=1     	---        Missed win:     	---       	Black=1      Mistake:       	---       	Black=1      Inaccurate:     	White=4     	Black=1      OK:         	White=15    	Black=18     Best:        	White=2     	Black=1      Strong:       	---       	Black=1} 1/2-1/2

[Event "SixDays Budapest March GM B 2025"]
[Site "Budapest"]
[Date "2025.03.26"]
[Round "4.4"]
[White "Grover, Sahaj"]
[Black "Krishna C R G"]
[Result "0-1"]
[Annotator "TA"]
[ECO "A45"]
[WhiteElo "2469"]
[BlackElo "2418"]
[PlyCount "80"]
[EventDate "2025.03.23"]
[EventCountry "HUN"]
[SourceTitle "playchess.com"]
[Source "ChessBase"]
[SourceQuality "1"]
[TimeControl "5400+30"]

1. d4 Nf6 2. Bf4 e6 3. e3 c5 4. Nf3 Be7 5. h3 O-O 6. Be2 {[%emt 0:01:00] A46: 1 d4 Nf6 2 Nf3 e6: Torre, London and Colle Systems.} b6 7. O-O Bb7 8. Nbd2 Nc6 9. c3 d6 10. Bh2 Re8 11. a3 $146 ({Predecessor:} 11. a4 a6 12. Bd3 Bf8 13. e4 e5 14. d5 Ne7 15. b4 Ng6 16. bxc5 bxc5 17. a5 {1-0 Tari,A (2635)-Rodgers,J (2043) Titled Tuesday intern op 13th Feb Late blitz 2024 (1)}) 11... Rc8 12. e4 cxd4 13. cxd4 d5 14. e5 Ne4 15. Bd3 Na5 16. Qe2 Qd7 17. Nxe4 dxe4 18. Bxe4 Bxe4 19. Qxe4 Nb3 20. Rad1 Red8 21. Bf4 h6 22. Rfe1 Qa4 23. Be3 Rd5 24. Qg4 Kf8 25. h4 Rc4 (25... Rc2 26. Qe4 Rc6 27. Qh7 $18) 26. Qe4 Kg8 {[%emt 0:02:47] Against Qh7+} 27. Qg4 (27. g3 $14) 27... Kh8 (27... Kf8 $11) 28. Rd3 Nc5 29. Rd2 Nb3 30. Rd3 {[%emt 0:03:07][%cal Od3b3] aiming for Rxb3!.} Nc5 31. Rdd1 $36 {[%emt 0:00:40][%mdl 2048] White has good play.} Nb3 32. Kh2 Qd7 (32... Bc5 $11) 33. Rd3 $16 Nc5 34. Rc3 (34. dxc5 $2 {too greedy.} Rxg4 35. Rxd5 Qxd5 $19) 34... Rxc3 35. bxc3 Nd3 {[%emt 0:00:02][%csl LRa3,LRe1] [#]} 36. Rb1 (36. Re2 $1 $16) 36... Qa4 (36... Qc6 $1 $11) 37. Qh5 (37. Qe4 $16 Qc2 38. c4 Rxd4 39. Bxd4 Qxb1 40. Qa8+ (40. Qb7 Bxa3 41. Qxa7 Bc5 $16) 40... Kh7 41. Qxa7) 37... Kg8 $1 $11 {[%emt 0:00:28] The position is equal.} 38. Nd2 Qc2 39. Qd1 Qxd1 ({Reject} 39... Qxc3 $6 40. Rb3 Qc1 41. Qe2 Nxe5 42. dxe5 $16) 40. Rxd1 Bxh4 {[%emt 0:00:29][%mdl 32768] Weighted Error Value: White=0.17 (very precise) /Black=0.16 (very precise)  Loss on time!?  Mistake:       	White=3     	Black=3      Inaccurate:     	White=1     	Black=2      OK:         	White=12    	Black=14     Best:        	White=2     	Black=1      Strong:       	---       	Black=1} 0-1

[Event "SixDays Budapest March GM B 2025"]
[Site "Budapest"]
[Date "2025.03.26"]
[Round "4.5"]
[White "Mirzoev, Azer"]
[Black "Nemeth, Zalan"]
[Result "1/2-1/2"]
[Annotator "TA"]
[ECO "D02"]
[WhiteElo "2470"]
[BlackElo "2341"]
[PlyCount "32"]
[EventDate "2025.03.23"]
[EventCountry "HUN"]
[SourceTitle "playchess.com"]
[Source "ChessBase"]
[SourceQuality "1"]
[TimeControl "5400+30"]

1. d4 d5 2. Nf3 Nf6 3. c4 e6 4. g3 dxc4 5. Qa4+ Nbd7 6. Bg2 a6 7. Qxc4 b5 8. Qc6 Rb8 9. Bf4 Nd5 10. Bg5 Be7 11. Bxe7 Qxe7 {[%emt 0:00:05] The position is equal.} 12. Nbd2 {[%emt 0:19:07] E03: Open Catalan: 5 Qa4+ Nbd7 6 Qxc4.} Bb7 13. Qc2 c5 14. O-O O-O 15. dxc5 Nxc5 16. Nb3 Nxb3 $146 {[%emt 0:00:58] A rather calm draw.   Weighted Error Value: White=0.05 (flawless) /Black=0.01 (flawless)   OK:         	White=2     	Black=2} (16... Na4 17. Rad1 Rbc8 18. Qb1 Rc7 19. Rc1 Rfc8 20. Rxc7 Rxc7 21. Rc1 Nf6 22. Ne5 Bxg2 23. Kxg2 g6 24. Nd4 Rxc1 {½-½ Mellado Trivino,J (2413)-Perez Candelario,M (2537) Andorra op 26th 2008 (4)}) 1/2-1/2